 Dungeon Crawl Stone Soup version 0.30.1-4-g462c640d31 (webtiles) character file.

Game seed: 14380176059136777283

547336 Haddock123 the Sorcerer (level 24, -6/210 HPs)
             Began as a Mummy Necromancer on Sept 17, 2023.
             Was an Initiate of Gozag.
             Mangled by a Killer Klown
             ... wielding a +10 club
              (20 damage)
             ... on level 5 of the Realm of Zot on Sept 18, 2023.
             The game lasted 04:52:27 (84028 turns).

Haddock123 the Sorcerer (Mummy Necromancer)        Turns: 84028, Time: 04:52:27

Health: -6/210     AC: 28    Str: 13      XL:     24   Next: 94%
Magic:  52/52      EV: 17    Int: 31 (33) God:    Gozag
Gold:   379        SH: 16    Dex: 17      Spells: 29/73 levels left

rFire   + + +        E - staff of death
rCold   + + +        c - +2 shield of Resistance {rF++ rC++ Will++}
rNeg    + + +        D - quicksilver dragon scales of Theory {rF++ Will+ Str+2}
rPois   ∞            W - +2 helmet {Int+3}
rElec   +            k - +2 cloak {Will+}
rCorr   +            Z - +2 pair of gloves {Dex+3}
SInv    .            K - +2 pair of boots
Will    +++++        m - amulet of magic regeneration
Stlth   +            H - ring of the Mage {Wiz Archmagi}
HPRegen 0.55/turn    N - +6 ring of intelligence
MPRegen 0.73/turn

%: faith, wizardry (x1), archmagi
@: brilliant, death channelling, resistant, hasted, studying 4 skills, very
quick
A: cold resistance 1, negative energy resistance 3, torment resistance 2, heat
vulnerability 1, in touch with death 2, no potions, faith
0: Orb of Zot
}: 3/15 runes: decaying, silver, gossamer
a: Renounce Religion, Potion Petition, Call Merchant, Bribe Branch


You were on level 5 of the Realm of Zot.
You worshipped Gozag.
Gozag was aware of your devotion.
You visited 10 branches of the dungeon, and saw 48 of its levels.
You visited 1 bazaar.
You also visited: Trove, Sewer and Ossuary.

You collected 22878 gold pieces.
You spent 4014 gold pieces at shops.
You paid 18485 gold pieces to Gozag.

Inventory:

Hand Weapons
 n - the +1 sling of Malaise {flame, +Blink Fly rElec Int-4}
   (You found it on level 2 of the Dungeon)

   Int:       It affects your intelligence (-4).
   rElec:     It insulates you from electricity.
   Fly:       It grants you flight.
   +Blink:    It lets you blink.
 q - the +11 spear "Bacsaaj" {speed, +Blink rN+}
   (You found it on level 10 of the Dungeon)

   rN:        It protects you from negative energy.
   +Blink:    It lets you blink.
 Q - a +2 demon trident of electrocution
Missiles
 z - a throwing net
Armour
 a - a +2 robe of fire resistance
 c - the +2 shield of Resistance (worn) {rF++ rC++ Will++}
   (You found it on level 1 of the Spider Nest)

   rF:        It greatly protects you from fire.
   rC:        It greatly protects you from cold.
   Will:      It greatly increases your willpower.
 k - a +2 cloak of willpower (worn)
 l - a +1 hat of willpower
 D - the quicksilver dragon scales of Theory (worn) {rF++ Will+ Str+2}
   (You took it off a yaktaur captain on level 5 of the Vaults)

   Str:       It affects your strength (+2).
   rF:        It greatly protects you from fire.
   Will:      It increases your willpower.
 K - a +2 pair of boots (worn)
 O - a +0 cloak of stealth
 W - a +2 helmet of intelligence (worn)
 Z - a +2 pair of gloves of dexterity (worn)
Magical Staves
 E - a staff of death (weapon)
 R - a staff of air
Jewellery
 f - the ring "Modar" {rPois rN+ Will++ AC+4 Str+2}
   (You found it on level 1 of the Vaults)

   [ring of protection]

   AC:        It affects your AC (+4).
   Str:       It affects your strength (+2).
   rPois:     It protects you from poison.
   rN:        It protects you from negative energy.
   Will:      It greatly increases your willpower.
 g - a ring of resist corrosion
 m - an amulet of magic regeneration (around neck)
 r - a ring of magical power
 x - the ring of the Final Chapter {EV+5 Str+2}
   (You took it off a vault sentinel on level 5 of the Vaults)

   [ring of evasion]

   EV:        It affects your evasion (+5).
   Str:       It affects your strength (+2).
 y - an amulet of reflection
 F - a ring of willpower
 H - the ring of the Mage (left hand) {Wiz Archmagi}
   (You bought it in a shop on level 13 of the Dungeon)

   [ring of wizardry]

   It improves your spell success rate.
   Archmagi:  It increases the power of your magical spells.
 J - a ring of see invisible
 N - a +6 ring of intelligence (right hand)
 P - an amulet of guardian spirit
 S - a ring of wizardry
 T - a ring of magical power
 U - a ring of magical power
Wands
 t - a wand of paralysis (14)
 w - a wand of polymorph (10)
 A - a wand of iceblast (64)
 C - a wand of light (17)
 G - a wand of mindburst (10)
 L - a wand of flame (34)
 M - a wand of digging (31)
Scrolls
 b - 5 scrolls of magic mapping
 d - 9 scrolls of immolation
 e - 7 scrolls of amnesia
 h - 14 scrolls of enchant armour
 i - 6 scrolls of brand weapon
 j - 18 scrolls of teleportation
 o - 3 scrolls of torment
 p - 5 scrolls of fear
 s - 13 scrolls of fog
 u - 6 scrolls of silence
 v - 8 scrolls of poison
 B - 8 scrolls of enchant weapon
 I - 10 scrolls of vulnerability
 V - 4 scrolls of blinking
 X - a scroll of summoning


   Skills:
 + Level 21.7 Fighting
 - Level 4.2 Polearms
 + Level 13.3 Armour
 + Level 13.2 Dodging
 - Level 1.5 Stealth
 - Level 15.0 Shields
 - Level 25.1 Spellcasting
 - Level 10.0 Summonings
 - Level 20.0 Necromancy
 - Level 4.0 Earth Magic


You had 29 spell levels left.
You knew the following spells:

 Your Spells              Type           Power      Damage    Failure   Level
a - Borgnjor's Vile Clut  Necr/Erth      77%        N/A       1%          5
b - Vampiric Draining     Necr           100%       2d13      0%          3
c - Death Channel         Necr           89%        N/A       1%          6
d - Dispel Undead         Necr           100%       3d31      0%          4
e - Haunt                 Necr/Summ      82%        N/A       1%          7
f - Infestation           Necr           89%        N/A       1%          8
g - Agony                 Necr           100%       N/A       0%          5
h - Passwall              Tmut/Erth      71%        N/A       1%          2
i - Necrotise             Necr           100%       1d9       0%          1
j - Swiftness             Air            73%        N/A       2%          3

Your spell library contained the following spells:

 Spells                   Type           Power      Damage    Failure   Level
 Apportation              Tloc           100%       N/A       1%          1
 Foxfire                  Conj/Fire      100%       2x1d9     1%          1
 Freeze                   Ice            100%       1d10      1%          1
 Kiss of Death            Conj/Necr      100%       2d13      1%          1
 Magic Dart               Conj           100%       1d8       1%          1
 Slow                     Hex            100%       N/A       1%          1
 Sting                    Tmut/Pois      100%       1d8       1%          1
 Summon Small Mammal      Summ           100%       N/A       1%          1
 Cigotuvi's Dreadful Rot  Necr/Pois/Air  100%       N/A       1%          2
 Ensorcelled Hibernation  Hex/Ice        100%       N/A       1%          2
 Momentum Strike          Conj/Tloc      100%       3d10      1%          2
 Poisonous Vapours        Pois/Air       100%       N/A       1%          2
 Searing Ray              Conj           100%       2d8       1%          2
 Static Discharge         Conj/Air       100%       2-7/arc   1%          2
 Call Canine Familiar     Summ           100%       N/A       1%          3
 Summon Guardian Golem    Hex/Summ       100%       N/A       1%          3
 Anguish                  Hex/Necr       74%        N/A       1%          4
 Animate Armour           Summ/Erth      100%       N/A       1%          4
 Summon Ice Beast         Ice/Summ       100%       N/A       1%          4
 Summon Lightning Spire   Summ/Air       100%       N/A       1%          4
 Confusing Touch          Hex            73%        N/A       2%          3
 Dazzling Flash           Conj/Hex       100%       N/A       2%          3
 Frozen Ramparts          Ice            100%       1d16      2%          3
 Hailstorm                Conj/Ice       73%        3d15      2%          3
 Ignite Poison            Fire/Tmut/Pois 73%        N/A       2%          3
 Inner Flame              Hex/Fire       73%        N/A       2%          3
 Mephitic Cloud           Conj/Pois/Air  73%        N/A       2%          3
 Portal Projectile        Hex/Tloc       100%       N/A       2%          3
 Vhi's Electric Charge    Tloc/Air       100%       N/A       2%          3
 Volatile Blastmotes      Fire/Tloc      100%       2d18      2%          3
 Summon Cactus Giant      Summ           61%        N/A       2%          6
 Summon Forest            Summ/Tloc      51%        N/A       3%          5
 Leda's Liquefaction      Hex/Erth       43%        N/A       4%          4
 Lee's Rapid Deconstruct  Erth           48%        3d23*     4%          5
 Airstrike                Air            36%        2d(6-22)  9%          4
 Cause Fear               Hex            36%        N/A       9%          4
 Fulminant Prism          Conj/Hex       36%        3d17      9%          4
 Iskenderun's Mystic Bla  Conj/Tloc      73%        2d15      9%          4
 Manifold Assault         Tloc           73%        N/A       9%          4
 Sticky Flame             Conj/Fire      73%        2d9       9%          4
 Monstrous Menagerie      Summ           61%        N/A       12%         7
 Summon Hydra             Summ           61%        N/A       12%         7
 Alistair's Intoxication  Tmut/Pois      48%        N/A       24%         5
 Fireball                 Conj/Fire      36%        3d15      24%         5
 Freezing Cloud           Conj/Ice/Air   36%        6-21      24%         5
 Iskenderun's Battlesphe  Conj           73%        2d12      24%         5
 Metabolic Englaciation   Hex/Ice        36%        N/A       24%         5
 Silence                  Hex/Air        36%        N/A       24%         5
 Yara's Violent Unravell  Hex/Tmut       36%        3d15      24%         5
 Iron Shot                Conj/Erth      43%        9d8       50%         6
 Spellforged Servitor     Conj/Summ      51%        N/A       65%         7
 Summon Horrible Things   Summ           61%        N/A       65%         8
 Conjure Ball Lightning   Conj/Air       36%        3x3d12    77%         6
 Dispersal                Tloc           36%        N/A       77%         6
 Eringya's Noxious Bog    Tmut/Pois      36%        N/A       77%         6
 Plasma Beam              Fire/Air       36%        2x1d54    77%         6
 Starburst                Conj/Fire      36%        6d11      77%         6
 Enfeeble                 Hex            36%        N/A       99%         7
 Orb of Destruction       Conj           36%        9d11      99%         7
 Ozocubu's Refrigeration  Ice            36%        4d15      99%         7
 Discord                  Hex            36%        N/A       100%        8
 Disjunction              Tloc           36%        N/A       100%        8
 Ignition                 Fire           36%        3d11      100%        8
 Maxwell's Capacitive Co  Air            36%        ∞         100%        8
 Chain Lightning          Conj/Air       36%        3d48      100%        9
 Dragon's Call            Summ           61%        N/A       100%        9
 Fire Storm               Conj/Fire      36%        8d9       100%        9
 Shatter                  Erth           48%        3d37*     100%        9
 Animate Dead             Necr           Unusable   N/A       N/A         4
 Wereblood                Tmut           Unusable   N/A       N/A         2
 Simulacrum               Ice/Necr       Unusable   N/A       N/A         6
 Ice Form                 Ice/Tmut       Unusable   N/A       N/A         4
 Blade Hands              Tmut           Unusable   N/A       N/A         5
 Necromutation            Tmut/Necr      Unusable   N/A       N/A         8
 Storm Form               Tmut/Air       Unusable   N/A       N/A         7

Dungeon Overview and Level Annotations

Branches:
Dungeon (15/15)            Temple (1/1) D:6            Lair (5/5) D:11
  Swamp (4/4) Lair:3       Spider (4/4) Lair:2        Slime (0/5) Lair:5
    Orc (2/2) D:9             Elf (3/3) Orc:2        Vaults (5/5) D:13
  Crypt (0/3) Vaults:2     Depths (4/4) D:15            Zot (5/5) Depths:4
  Sewer (visited)         Ossuary (visited)

Altars:
Ashenzari
Cheibriados
Dithmenos
Fedhas
Gozag
Hepliaklqana
Kikubaaqudgha
Makhleb
Nemelex Xobeh
Okawaru
Qazlal
Ru
Sif Muna
Trog
Uskayaw
Vehumet
Wu Jian
Xom
Yredelemnul
Jiyva

Shops:
D:2 [   D:13 [[[==?   D:15 **   Orc:2 ?(!!   Elf:1 ?   Vaults:2 (:
Vaults:3 [(*   Depths:1 *([?*   Depths:3 :*!*!

Portals:
Hell: Depths:1 Depths:2 Depths:3 Depths:4
Abyss: Depths:1 Depths:3
Pandemonium: Depths:2
Ziggurat: Depths:2

Annotations:
D:12 exclusion: door
D:14 exclusion: downstairs
Lair:1 exclusion: oklob plant
Lair:2 exclusion: skyshark
Lair:3 exclusion: downstairs
Lair:5 3 runed translucent doors, ratatoskos's ghost, journeyman VSBe
Orc:2 2 transporters, porada001's ghost, journeyman HOFi
Elf:2 3 runed translucent doors
Depths:2 8 runed translucent doors
Depths:4 exclusions: 2 draconian stormcallers and 1 more exclusion
Zot:2 1 transporter
Zot:4 4 transporters


Innate Abilities, Weirdness & Mutations

You are immune to poison.
Your flesh is cold resistant. (rC+)
You are immune to negative energy. (rN+++)
You are immune to unholy pain and torment.
You are vulnerable to heat. (rF-)
You are strongly in touch with the powers of death.
You do not drink.
You have a special connection with the divine. (Faith)


Message History

You feel your power leaking away. You block the Orb Guardian's attack.
You feel yourself slow down.
The storm dragon breathes lightning at you.
The bolt of lightning misses you. The bolt of lightning hits you!!
Okay, then.
Okay, then.
An electric golem comes into view.
The Orb Guardian hits you but does no damage.
Your hearing returns.
A Killer Klown comes into view. It is wielding a +10 club.
The Killer Klown blinks!
The electric golem hurls lightning at you.
The bolt of lightning hits you!!!
* * * LOW HITPOINT WARNING * * *
The bolt of lightning misses you.
The ancient lich mumbles some strange words.
The ancient lich seems to speed up.
The Killer Klown shouts!
Unknown command.
Blink to where?
Press: ? - help, Dir - move target
As you read the scroll of blinking, it crumbles to dust.
The Killer Klown pies you viciously! You block the klown pie.
The orb of fire glows deep purple.
The bolt of fire hits you! You resist.
* * * LOW HITPOINT WARNING * * *
Unknown command. [a] - 480 gold - resistance, might and haste [b] - 528 gold - resistance, haste and brilliance [c] - 330 gold - curing and magic Purchase which effect?
You no longer have enough gold to petition Gozag for potion effects.
You feel protected.
You feel yourself speed up.
You feel more clever all of a sudden.
The Killer Klown hits you with a +10 club!!
You die...
Your body crumbles into a pile of gold.

#...))........# **,,,,,,,,,,,,,,
##...........## *,,,^...........
#........$..# #...^.........^.
##........$..## #...............
#.............# #.....9^.....^..
#.............## #..p.^....$.....
..............*###.......D.......
..###########.^.###..............
.## ##..@p##.....§.X..... ##
###..$.$.X....L.L...
#▓▓▓▓▓▓▓▓▓▓▓##8..(
▓▓▓▓.........L... #
**▓....§........... ##
*#................^. .# ▓▓▓▓▓▓▓▓▓
*...................
.▓▓▓.......▓▓*....^........D.....
.▓▓^.......^▓▓..^.......p.......^


You could see an orb of fire, a Killer Klown and an Orb Guardian.

Vanquished Creatures
  2 dread liches (Vaults:5)
  An ancient lich (Vaults:5)
  Mara (Depths:2)
  Parghit (Depths:3)
  2 golden dragons
  Nikola (Swamp:3)
  the Enchantress (Depths:1)
  A doom hound (Depths:3)
  9 tentacled monstrosities
  A quicksilver dragon (Zot:2)
  5 Orb Guardians (Zot:5)
  2 deep elf master archers (Elf:3)
  3 titans (Vaults:5)
  4 sphinxes
  3 death cobs
  A thorn hunter (Swamp:4)
  3 tengu reavers
  6 storm dragons
  5 shadow dragons
  3 draconian monks
  A draconian knight (Zot:2)
  8 fire giants
  7 vault wardens
  2 deep elf sorcerers
  3 frost giants
  A draconian scorcher (Zot:3)
  An iron dragon (shapeshifter) (Elf:3)
  A draconian stormcaller (Depths:4)
  A draconian annihilator (Depths:4)
  A deep elf elementalist (Elf:3)
  3 spriggan defenders (Depths:1)
  A ghost moth (Spider:4)
  A broodmother (Spider:4)
  21 very ugly things
  12 ironbound preservers
  A war gargoyle (Vaults:5)
  6 stone giants
  4 ironbound thunderhulks
  5 green draconians
  4 vampire knights
  3 black draconians
  An eleionoma (Swamp:3)
  5 red draconians
  A deep elf demonologist (Elf:3)
  A deep elf annihilator (Elf:3)
  6 dire elephants
  5 white draconians
  A yellow draconian (Zot:1)
  2 bunyips
  2 spark wasps
  6 purple draconians
  2 deep elf death magi
  6 yaktaur captains
  9 ettins
  2 entropy weavers
  3 fire dragons
  2 ice dragons (Depths:2)
  8 great orbs of eyes
  3 deep elf high priests
  A rakshasa (Depths:2)
  6 vault guards
  A shambling mangrove (Swamp:4)
  2 peacekeepers
  A salamander tyrant (Depths:4)
  2 ogre magi
  A ghost crab (Swamp:3)
  7 hydras
  A boulder beetle (Vaults:3)
  A jorogumo (Spider:4)
  A spriggan air mage (Depths:1)
  6 ironbound frosthearts
  A catoblepas (Lair:5)
  3 alligators
  4 centaur warriors
  2 two-headed ogres
  A two-headed ogre (shapeshifter) (Vaults:5)
  2 deep troll shamans
  17 dancing weapons
  4 death yaks
  2 tengu warriors
  An orc high priest (Elf:2)
  2 spriggan berserkers
  Nergalle (D:10)
  10 deep elf knights
  A sun demon (Depths:4)
  A skyshark (Lair:5)
  2 pharaoh ants
  A salamander mystic (Depths:4)
  4 iron trolls (Depths:4)
  9 skeletal warriors
  3 goliath frogs
  A death drake (Swamp:2)
  3 glowing orange brains
  A storm dragon skeleton (Depths:1)
  18 deep trolls
  3 bog bodies
  7 lindwurms
  5 wizards
  5 orb spiders
  A flayed ghost (Depths:2)
  3 phantasmal warriors
  5 deep elf archers
  8 ironbound convokers
  A harpy (Vaults:2)
  16 deep elf zephyrmancers
  2 orc knights (Vaults:5)
  A stone giant zombie (Vaults:4)
  4 necromancers
  A steelbarb worm (Spider:4)
  22 deep elf pyromancers
  An orc sorcerer (Elf:2)
  5 cyclopes
  13 wolf spiders
  A cyclops (shapeshifter) (Depths:3)
  2 manticores (D:12)
  9 moths of wrath
  2 fire giant skeletons (Vaults:2)
  20 ugly things
  8 vault sentinels
  6 elephants
  A torpor snail (Spider:2)
  3 elf skeletons (Vaults:2)
  4 demonic crawlers
  13 cane toads
  Maggie (D:7)
  A rime drake (Lair:2)
  An efreet (D:13)
  8 komodo dragons
  2 unseen horrors
  3 tengu conjurers
  5 human skeletons (Vaults:2)
  10 yaktaurs
  3 freezing wraiths
  2 yaktaur skeletons (Vaults:2)
  A polar bear (Lair:4)
  A troll (shapeshifter) (Vaults:5)
  3 bloated husks
  9 trolls
  4 nameless horrors
  4 hornets
  4 meliai
  2 saltlings (Elf:1)
  16 tarantellas
  A tarantella (shapeshifter) (Elf:3)
  Prince Ribbit (D:7)
  3 tyrant leeches
  7 blink frogs
  2 dream sheep (Lair:4)
  6 jumping spiders
  Sigmund (D:6)
  6 slime creatures
  2 vampires
  4 spriggans
  3 water elementals (Depths:2)
  9 culicivoras
  20 yaks
  7 wraiths
  2 wyverns
  2 hogs
  7 vampire mosquitoes
  24 redbacks
  2 basilisks
  An elf simulacrum (Vaults:4)
  6 swamp worms
  A glowing shapeshifter zombie (Depths:1)
  6 wargs
  20 water moccasins
  An ogre skeleton (Vaults:2)
  4 acid dragons
  Duvessa (D:7)
  2 glowing shapeshifter skeletons
  15 orc warriors
  3 swamp drakes (Swamp:4)
  3 ice beasts (D:6)
  3 black bears
  7 ogres
  10 wolves
  11 centaurs
  A phantom (D:7)
  2 kobold brigands
  2 gnoll sergeants
  15 bullfrogs
  3 scorpions (D:5)
  An earth elemental (Elf:3)
  9 wights
  Dowan (D:7)
  8 killer bees
  3 electric eels (Lair:2)
  A howler monkey (D:7)
  A crimson imp (Spider:2)
  2 lava snakes (Lair:2)
  4 hounds
  5 jellies (Lair:5)
  8 orc priests
  3 iguanas
  A gnoll bouda (D:6)
  A sleepcap (D:4)
  7 orc wizards
  A hell rat (Lair:4)
  17 gnolls
  4 adders
  A white imp (D:5)
  An ufetubus (D:7)
  An adder zombie (Sewer)
  65 orcs
  6 ball pythons
  4 bats
  11 endoplasms
  3 giant cockroaches
  8 goblins
  6 hobgoblins
  4 quokkas
  5 frilled lizards
  21 kobolds
  6 rats
1028 creatures vanquished.

Vanquished Creatures (collateral kills)
  2 dread liches
  2 ancient liches
  A Killer Klown (Zot:5)
  Saint Roka (Depths:2)
  A curse toe (Zot:4)
  3 golden dragons
  A doom hound (Depths:3)
  Jorgrun (Orc:2)
  4 tentacled monstrosities
  3 titans (Vaults:5)
  5 liches
  2 deep elf blademasters (Elf:3)
  13 Orb Guardians (Zot:5)
  3 quicksilver dragons
  Grunn (Depths:3)
  4 death cobs (Zot:5)
  Frances (Elf:1)
  Gastronok (Lair:3)
  5 sphinxes
  A shadow dragon (Vaults:5)
  5 tengu reavers
  7 storm dragons
  Donald (Orc:2)
  2 draconian monks
  Kirke (Swamp:3)
  2 frost giants
  An iron dragon (Depths:3)
  An emperor scorpion (Spider:3)
  4 deep elf sorcerers
  3 draconian knights
  5 fire giants
  A draconian scorcher (Zot:1)
  8 vault wardens
  2 draconian shifters
  5 deep elf elementalists (Elf:3)
  6 ghost moths
  An orc warlord (Orc:2)
  3 draconian stormcallers
  A draconian annihilator (Zot:4)
  A stone giant (shapeshifter) (Vaults:5)
  19 very ugly things
  2 war gargoyles (Vaults:5)
  14 stone giants
  8 broodmothers
  5 black draconians
  4 ironbound thunderhulks
  11 ironbound preservers
  4 green draconians
  2 eleionomae
  2 red draconians
  3 deep elf demonologists
  6 dire elephants
  Azrael (Spider:1)
  Nessos (Orc:2)
  4 deep elf annihilators (Elf:3)
  A dire elephant (shapeshifter) (Vaults:5)
  2 spark wasps (Depths:1)
  2 yellow draconians
  A bunyip (shapeshifter) (Vaults:3)
  3 white draconians
  5 purple draconians
  5 deep elf death magi
  A merfolk impaler (Depths:2)
  Josephine (Lair:4)
  3 ettins
  The ghost of Zogugef the Eclecticist, a journeyman DEEE of Vehumet (D:12)
  2 deep elf high priests
  A shambling mangrove (Swamp:2)
  5 fire dragons
  3 entropy weavers
  8 yaktaur captains
  10 ice dragons
  23 vault guards
  5 rakshasas
  21 hydras
  3 catoblepae
  5 spriggan air magi
  7 ironbound frosthearts
  An ogre mage (D:15)
  2 jorogumos
  3 ghost crabs
  2 boulder beetles
  4 dancing weapons
  2 deep troll shamans (Depths:2)
  A radroach (Spider:2)
  6 two-headed ogres (D:15)
  4 alligators
  2 deep troll earth magi
  9 death yaks
  2 tengu warriors (Depths:1)
  7 orc high priests
  3 deep elf knights (Elf:3)
  A hell knight (Depths:3)
  An iron troll (Depths:4)
  A salamander mystic (Depths:4)
  2 sun moths
  A goliath frog (Swamp:4)
  27 deep trolls
  3 skysharks
  2 orb spiders
  4 swamp dragons
  3 pharaoh ants
  4 bog bodies
  3 deep elf archers
  A glowing orange brain (Depths:2)
  2 orb spiders (shapeshifter)
  2 nameless horrors
  A phantasmal warrior (Vaults:4)
  6 wizards
  15 ironbound convokers
  9 lindwurms
  6 deep elf zephyrmancers
  7 orc knights
  5 steelbarb worms
  6 harpies
  2 necromancers
  4 orc sorcerers
  7 deep elf pyromancers
  A stone giant zombie (Vaults:2)
  8 moths of wrath
  A human zombie (Vaults:4)
  8 will-o-the-wisps
  A salamander (shapeshifter) (Depths:3)
  21 wolf spiders
  31 ugly things
  2 cyclopes
  3 salamanders (Depths:4)
  3 manticores
  6 vault sentinels
  A black mamba (Lair:5)
  2 smoke demons (Depths:4)
  A stone giant skeleton (Vaults:2)
  5 demonic crawlers
  A cane toad (Lair:5)
  2 torpor snails
  2 freezing wraiths
  4 kobold demonologists
  15 yaktaurs
  A yaktaur (shapeshifter) (D:15)
  A komodo dragon (Lair:5)
  A tengu conjurer (Depths:1)
  A bloated husk (Swamp:2)
  A troll (D:11)
  8 meliai
  A deep troll zombie (Vaults:2)
  3 tyrant leeches
  13 tarantellas
  5 hornets
  A dream sheep (Lair:4)
  An elf zombie (Vaults:2)
  25 slime creatures
  7 blink frogs
  A shapeshifter (Elf:3)
  A centaur simulacrum (D:15)
  15 culicivoras
  13 jumping spiders
  A wraith (Lair:4)
  5 spriggans
  4 air elementals
  2 water elementals
  A hog (Swamp:3)
  3 basilisks (Lair:5)
  22 yaks
  3 fire elementals
  21 redbacks
  6 swamp worms
  A warg (Orc:2)
  3 water moccasins (Lair:5)
  6 hell hounds (Spider:1)
  2 floating eyes (shapeshifter)
  3 swamp drakes (Swamp:4)
  24 orc warriors
  4 ogres
  2 wolves (Lair:5)
  A centaur (D:13)
  7 kobold brigands (D:12)
  A bullfrog (Lair:4)
  2 electric eels
  19 orc priests
  8 jellies (Lair:5)
  5 orc wizards
  6 hell rats (Lair:4)
  A dart slug (D:4)
  49 orcs
  2 endoplasms
  A kobold (Sewer)
924 creatures vanquished.

Vanquished Creatures (others)
  2 orbs of fire
  2 dread liches (Zot:5)
  An ancient lich (Zot:2)
  2 Killer Klowns (Zot:5)
  An electric golem (Zot:5)
  4 tentacled monstrosities
  4 Orb Guardians (Zot:5)
  A draconian scorcher (Zot:1)
  3 draconian shifters
  A draconian annihilator (Zot:1)
  2 draconian stormcallers
  A green draconian (Zot:5)
  4 purple draconians
  3 black draconians
  3 yellow draconians
  A deep elf annihilator (Elf:3)
  4 white draconians
  A rakshasa (Depths:1)
  A spriggan berserker (Depths:2)
  2 wizards
  2 moths of wrath (Zot:1)
  A bloated husk (Swamp:2)
  An elf zombie (Vaults:4)
  A swamp drake (Swamp:2)
  A kobold brigand (D:9)
  An orc (Orc:1)
  23 foxfires
73 creatures vanquished.

Grand Total: 2025 creatures vanquished

Notes
Turn   | Place    | Note
-------+----------+-------------------------------------------
     0 | D:1      | Haddock123 the Mummy Necromancer began the quest for the
                  | Orb.
     0 | D:1      | Reached XP level 1. HP: 13/13 MP: 4/4
   281 | D:1      | Reached skill level 3 in Spellcasting
   304 | D:1      | Reached XP level 2. HP: 19/19 MP: 1/6
   647 | D:1      | Found Kylel's Armour Shop.
  1033 | D:1      | Gained mutation: You are in touch with the powers of death.
                  | [Mummy growth]
  1033 | D:1      | Reached XP level 3. HP: 24/24 MP: 3/7
  1037 | D:1      | Learned a level 3 spell: Vampiric Draining
  1234 | D:2      | Identified the +1 sling of Malaise {flame, +Blink Fly rElec
                  | Int-4}
  1880 | D:2      | Found Uwafoet's Antique Armour Shoppe.
  2141 | D:3      | Reached skill level 5 in Necromancy
  2178 | D:3      | Found a burning altar of Makhleb.
  2183 | D:3      | Reached XP level 4. HP: 30/30 MP: 4/9
  2948 | D:4      | Learned a level 4 spell: Animate Dead
  2961 | D:4      | Found a shadowy altar of Dithmenos.
  3119 | D:4      | Found a glowing drain.
  3127 | Sewer    | Entered a sewer
  3216 | Sewer    | Reached skill level 4 in Spellcasting
  3557 | D:4      | Reached XP level 5. HP: 33/35 MP: 4/11
  4014 | D:4      | Identified the +7 long sword of Inconvenience {freeze, rC+}
  4087 | D:4      | Found an iron altar of Okawaru.
  4092 | D:4      | Found a shimmering altar of Xom.
  4324 | D:5      | Entered Level 5 of the Dungeon
  4367 | D:5      | Reached skill level 5 in Spellcasting
  4367 | D:5      | Reached XP level 6. HP: 41/41 MP: 7/13
  4755 | D:5      | Reached XP level 7. HP: 46/46 MP: 10/15
  5120 | D:5      | Reached skill level 6 in Spellcasting
  5197 | D:6      | Found a staircase to the Ecumenical Temple.
  5207 | Temple   | Entered the Ecumenical Temple
  5412 | Temple   | Became a worshipper of Gozag Ym Sagoz the Greedy
  5744 | D:6      | Found a sand-covered staircase.
  5785 | Ossuary  | Entered an ossuary
  5851 | Ossuary  | Noticed a wraith
  5851 | Ossuary  | Noticed a flying skull
  5860 | Ossuary  | Noticed a flying skull
  6041 | D:6      | Noticed Sigmund
  6345 | D:6      | Found an ancient bone altar of Kikubaaqudgha.
  6578 | D:7      | Learned a level 5 spell: Agony
  6821 | D:6      | Reached XP level 8. HP: 33/52 MP: 7/18
  7149 | D:8      | Reached skill level 7 in Spellcasting
  7190 | D:8      | Identified the +2 robe "Muguj" {rPois}
  7616 | D:7      | Noticed Duvessa
  8044 | D:7      | Noticed Dowan
  8145 | D:7      | Killed Dowan
  8174 | D:7      | Killed Duvessa
  8175 | D:7      | Reached skill level 1 in Fighting
  8175 | D:7      | Reached skill level 8 in Spellcasting
  8175 | D:7      | Reached skill level 10 in Necromancy
  8388 | D:7      | Noticed Maggie
  8397 | D:7      | Killed Maggie
  8398 | D:7      | Reached XP level 9. HP: 54/62 MP: 6/21
  8532 | D:7      | Noticed Prince Ribbit
  8558 | D:7      | Killed Prince Ribbit
  9214 | D:8      | Reached skill level 9 in Spellcasting
  9293 | D:8      | Found a radiant altar of Vehumet.
  9458 | D:8      | Learned a level 8 spell: Infestation
 10531 | D:6      | Killed Sigmund
 10532 | D:6      | Reached XP level 10. HP: 73/73 MP: 17/23
 11443 | D:10     | Entered Level 10 of the Dungeon
 11446 | D:10     | Identified the +11 spear "Bacsaaj" {speed, +Blink rN+}
 11539 | D:10     | Reached skill level 10 in Spellcasting
 11642 | D:10     | Noticed Nergalle
 11674 | D:10     | Reached skill level 5 in Fighting
 11996 | D:9      | Found a staircase to the Orcish Mines.
 12298 | D:9      | Found a hide-covered altar of Uskayaw.
 12669 | D:10     | Noticed a gargoyle
 12799 | D:10     | Found an ornate altar of the Wu Jian Council.
 12987 | D:11     | Noticed a two-headed ogre
 12988 | D:11     | Found a staircase to the Lair.
 13090 | D:11     | Found a transporter.
 13098 | D:11     | Noticed a cyclops
 13100 | D:11     | Noticed an ogre mage
 13106 | D:11     | Found a transporter.
 13107 | D:11     | Noticed a cyclops
 13107 | D:11     | Noticed an orc high priest
 13368 | D:11     | Reached skill level 11 in Spellcasting
 13962 | D:11     | Reached XP level 11. HP: 77/83 MP: 26/26
 14008 | Lair:1   | Entered Level 1 of the Lair of Beasts
 14041 | Lair:1   | Learned a level 2 spell: Passwall
 15033 | Lair:1   | Noticed an oklob plant
 15858 | Lair:2   | Noticed a skyshark
 15976 | Lair:2   | Found a hole to the Spider Nest.
 15976 | Lair:2   | Noticed a wolf spider
 16275 | Lair:3   | Reached skill level 12 in Spellcasting
 16339 | Lair:3   | Noticed Gastronok
 16698 | Lair:3   | Reached skill level 1 in Shields
 17320 | Lair:3   | Reached XP level 12. HP: 84/92 MP: 11/28
 17583 | Lair:3   | Noticed a catoblepas
 17727 | Lair:3   | Reached skill level 15 in Necromancy
 17959 | Lair:4   | Noticed a death yak
 17959 | Lair:4   | Noticed a death yak
 17960 | Lair:4   | Noticed a death yak
 17960 | Lair:4   | Noticed a death yak
 18190 | D:11     | Killed a two-headed ogre
 18445 | D:12     | Found a runed translucent gate.
 18446 | D:12     | Found a runed translucent gate.
 18446 | D:12     | Noticed Zogugef's ghost (journeyman DEEE)
 18447 | D:12     | Found a runed translucent gate.
 18952 | D:12     | Found a hide-covered altar of Uskayaw.
 19347 | D:13     | Found a gate to the Vaults.
 19844 | D:12     | Learned a level 7 spell: Haunt
 20205 | Lair:2   | Reached skill level 1 in Summonings
 20296 | Lair:2   | Reached skill level 13 in Spellcasting
 20767 | Lair:3   | Found a staircase to the Swamp.
 20953 | Lair:4   | Noticed an eight-headed hydra
 20954 | Lair:4   | Noticed a death yak
 21077 | Spider:1 | Entered Level 1 of the Spider Nest
 21757 | Orc:1    | Entered Level 1 of the Orcish Mines
 21779 | Orc:1    | Noticed a two-headed ogre
 21788 | Orc:1    | Killed a two-headed ogre
 22723 | D:10     | Learned a level 4 spell: Dispel Undead
 22730 | D:10     | Learned a level 6 spell: Death Channel
 22864 | D:10     | Killed Nergalle
 23610 | D:12     | Gained mutation: You are strongly in touch with the powers
                  | of death. [Mummy growth]
 23610 | D:12     | Reached XP level 13. HP: 91/102 MP: 17/30
 23911 | D:13     | Noticed a sphinx
 24220 | D:13     | Got the Codex of Galvanic Moulding
 24411 | D:13     | Reached skill level 14 in Spellcasting
 24480 | D:13     | Reached skill level 10 in Fighting
 26633 | D:15     | Entered Level 15 of the Dungeon
 26988 | Orc:1    | Paralysed by an orc sorcerer for 3 turns
 27199 | Orc:1    | Reached skill level 5 in Summonings
 27514 | Orc:2    | Entered Level 2 of the Orcish Mines
 27514 | Orc:2    | Found a staircase to the Elven Halls.
 27698 | Orc:2    | Found a transporter.
 27722 | Orc:2    | Found a transporter.
 27725 | Orc:2    | Noticed porada001's ghost (journeyman HOFi)
 27907 | Orc:2    | Noticed an orc warlord
 27997 | Orc:2    | Killed an orc warlord
 28205 | Orc:2    | Noticed Nessos
 28234 | Orc:2    | Noticed Jorgrun
 28606 | Elf:1    | Entered Level 1 of the Elven Halls
 28608 | Elf:1    | Noticed Frances
 29307 | Lair:3   | Killed Gastronok
 29584 | Lair:4   | Reached XP level 14. HP: 111/111 MP: 10/32
 29969 | Lair:4   | Reached skill level 15 in Spellcasting
 30178 | Lair:4   | Noticed Josephine
 30182 | Lair:4   | Killed Josephine
 31004 | Lair:5   | Entered Level 5 of the Lair of Beasts
 32019 | Lair:5   | Reached skill level 5 in Shields
 32086 | Lair:5   | Identified the +9 mace of Guile {spect, rCorr Dex+4 Stlth-}
 32365 | Lair:5   | Found a staircase to the Slime Pits.
 33181 | Lair:5   | Found a runed translucent gate.
 33181 | Lair:5   | Found a runed translucent gate.
 33181 | Lair:5   | Found a runed translucent gate.
 33181 | Lair:5   | Noticed a quicksilver ooze
 33181 | Lair:5   | Noticed an azure jelly
 33181 | Lair:5   | Noticed an acid blob
 33182 | Lair:5   | Noticed ratatoskos's ghost (journeyman VSBe)
 33182 | Lair:5   | Noticed an azure jelly
 33182 | Lair:5   | Noticed an azure jelly
 33207 | Lair:5   | Reached skill level 16 in Spellcasting
 33207 | Lair:5   | Reached XP level 15. HP: 120/120 MP: 27/35
 33470 | Lair:5   | Found a viscous altar of Jiyva.
 33766 | D:12     | Killed Zogugef's ghost
 33976 | D:15     | Found Ete Vieddi's Assorted Antiques.
 34031 | D:15     | Bought a scroll of blinking for 210 gold pieces
 34031 | D:15     | Bought a scroll of blinking for 210 gold pieces
 34081 | D:15     | Killed a sphinx
 34226 | D:15     | Found a staircase to the Depths.
 34489 | D:15     | Found Ojashum's Blood Bar.
 34874 | Orc:2    | Killed Jorgrun
 34876 | Orc:2    | Noticed Donald
 34883 | Orc:2    | Killed Donald
 34916 | Orc:2    | Killed Nessos
 35299 | Orc:2    | Reached skill level 17 in Spellcasting
 35444 | Orc:2    | Found Udosisimn's Distillery.
 35447 | Orc:2    | Found Reras's Antique Weapon Boutique.
 35448 | Orc:2    | Found Ipoti's Magic Scroll Boutique.
 35449 | Orc:2    | Found Xummad's Distillery.
 35452 | Orc:2    | Bought a scroll of blinking for 127 gold pieces
 35452 | Orc:2    | Bought a scroll of teleportation for 51 gold pieces
 35651 | D:11     | Paralysed by something for 2 turns
 36364 | Depths:1 | Entered Level 1 of the Depths
 36732 | Depths:1 | Found a one-way gate to the infinite horrors of the Abyss.
 37023 | Depths:1 | Noticed a sphinx
 37033 | Depths:1 | Killed a sphinx
 37034 | Depths:1 | Reached XP level 16. HP: 121/131 MP: 12/37
 37368 | Depths:1 | Found Soxtej's Island Escapes.
 37369 | Depths:1 | Found a gateway to Hell.
 37418 | Depths:1 | Noticed the Enchantress
 37650 | D:15     | Bought the Elucidation of the Curious Spreadsheets for 836
                  | gold pieces
 37656 | D:15     | Learned a level 5 spell: Borgnjor's Vile Clutch
 38363 | Swamp:1  | Entered Level 1 of the Swamp
 38812 | Swamp:1  | Reached skill level 1 in Earth Magic
 39123 | Swamp:1  | You fall into a shaft and drop 1 floor!
 39306 | Swamp:1  | Identified the +0 pair of gloves of the Jackalope {*Corrode
                  | rN+ Will++ MP+9 Dex+4}
 39500 | Swamp:2  | HP: 1/131 [spriggan air mage/bolt of lightning (48)]
 40599 | Swamp:2  | Found a snail-covered altar of Cheibriados.
 41359 | Swamp:3  | Noticed Nikola
 41372 | Swamp:3  | Noticed Kirke
 41376 | Swamp:3  | Killed Nikola
 41648 | Swamp:3  | Killed Kirke
 42204 | Swamp:4  | Entered Level 4 of the Swamp
 42270 | Swamp:4  | Identified the +1 robe of Beyond {rPois rC++ Int+3 Stlth-}
 42499 | Swamp:4  | Reached skill level 18 in Spellcasting
 43457 | Swamp:4  | Reached XP level 17. HP: 110/139 MP: 17/39
 43512 | Swamp:4  | Got a decaying rune of Zot
 44222 | Spider:1 | Found the +2 shield of Resistance {rF++ rC++ Will++}
 44233 | Spider:1 | Noticed Azrael
 44241 | Spider:1 | Killed Azrael
 46071 | Elf:1    | Killed Frances
 46072 | Elf:1    | Reached skill level 10 in Shields
 46281 | Elf:1    | Paralysed by an air elemental for 1 turns
 46293 | Elf:1    | Found Suasiyto's Magic Scroll Boutique.
 46541 | Elf:1    | Reached skill level 19 in Spellcasting
 46630 | Elf:1    | Reached skill level 15 in Fighting
 47112 | Elf:1    | Got Taji's Parchment of Creative Conflict
 47568 | Elf:2    | Found a gateway to a bazaar.
 47593 | Bazaar   | Entered a bazaar
 47613 | Bazaar   | Found Cauck's Jewellery Emporium.
 47629 | Bazaar   | Found Sofege's Magic Scroll Emporium.
 47629 | Bazaar   | Found Osokkian's Distillery.
 47634 | Bazaar   | Bought a scroll of enchant armour for 90 gold pieces
 47651 | Bazaar   | Found Otuegen's Antique Weapon Emporium.
 47667 | Bazaar   | Found Hith's Book Emporium.
 48063 | Elf:2    | Identified the amulet "Jittoob" {Spirit Str+3}
 48547 | Elf:2    | Reached XP level 18. HP: 149/149 MP: 20/41
 48675 | Elf:2    | Found a runed translucent gate.
 48677 | Elf:2    | Found a runed translucent gate.
 48677 | Elf:2    | Found a runed translucent gate.
 49095 | Elf:3    | Entered Level 3 of the Elven Halls
 49106 | Elf:3    | Paralysed by an air elemental for 1 turns
 49155 | Elf:3    | Paralysed by an air elemental for 1 turns
 49160 | Elf:3    | Paralysed by an air elemental for 1 turns
 49163 | Elf:3    | Paralysed by an air elemental for 1 turns
 50360 | Elf:3    | Paralysed by an air elemental for 1 turns
 50367 | Elf:3    | Paralysed by an air elemental for 1 turns
 50376 | Elf:3    | Paralysed by an air elemental for 1 turns
 50386 | Elf:3    | Paralysed by an air elemental for 1 turns
 50615 | Elf:3    | Reached skill level 1 in Armour
 51263 | Elf:3    | HP: 6/151 [deep elf sorcerer/bolt of acid (41)]
 51681 | Elf:3    | HP: 3/151 [deep elf master archer/arrow (17)]
 52233 | Elf:3    | Noticed an iron giant
 52237 | Elf:3    | an iron giant changed into a caustic shrike
 52237 | Elf:3    | Noticed a caustic shrike (shapeshifter)
 52239 | Elf:3    | a caustic shrike changed into an iron dragon
 52268 | Elf:3    | Reached skill level 20 in Spellcasting
 52382 | Elf:3    | Identified the +8 war axe of the Fae God {venom, rF+ Str+4
                  | Dex+5}
 52390 | Elf:3    | Identified the staff of fire "Wuplus" {rElec rPois rF+}
 52869 | Elf:3    | Identified the staff of earth "Izyll" {Fragile Int+3}
 52873 | Elf:3    | Identified the amulet "Vumaigof" {Faith rN+ Str+2}
 53114 | Elf:3    | Got the Vellum of the Dropbear
 53123 | Elf:3    | Got the Vellum of the Band and Infection
 53129 | Elf:3    | Got the Omnibus of Creeping Momentum
 53145 | Elf:3    | Got the Codex of the Changed Deep Freeze
 53147 | Elf:3    | Got the Atlas of Atmospheric Imprecation
 53151 | Elf:3    | Got Vehumet's Collected Works on Attacks
 53163 | Elf:3    | Got the Spellbook of the Coward and Battle Magic
 53481 | D:13     | Bought a scroll of blinking for 157 gold pieces
 53483 | D:13     | Bought the ring of the Mage {Wiz Archmagi} for 714 gold
                  | pieces
 53483 | D:13     | Found the ring of the Mage {Wiz Archmagi}
 53497 | D:13     | Bought a ring of see invisible for 315 gold pieces
 53518 | D:13     | Bought an encrusted scale mail for 252 gold pieces
 53518 | D:13     | Identified the +1 scale mail of the Hurricane {+Blink
                  | Str+5} (You bought it in a shop on level 13 of the Dungeon)
 53529 | D:13     | Bought a +1 cloak of willpower for 346 gold pieces
 53548 | Vaults:1 | Entered Level 1 of the Vaults
 54113 | Vaults:1 | Reached XP level 19. HP: 159/159 MP: 15/43
 54116 | Vaults:1 | Reached skill level 5 in Dodging
 54465 | Vaults:1 | Reached skill level 5 in Armour
 55363 | Vaults:1 | Noticed an ancient lich
 56083 | Vaults:1 | Learned a level 3 spell: Swiftness
 56372 | Vaults:1 | Killed an ancient lich
 56373 | Vaults:1 | Reached skill level 21 in Spellcasting
 56411 | Vaults:1 | Identified the ring "Modar" {rPois rN+ Will++ AC+4 Str+2}
 56638 | Vaults:2 | Found Daotusm's Book Emporium.
 57437 | Vaults:2 | Found a staircase to the Crypt.
 57769 | Vaults:2 | Found Deobia's Weapon Shoppe.
 57852 | Vaults:2 | Noticed a dread lich
 57867 | Vaults:2 | Killed a dread lich
 57868 | Vaults:2 | Reached XP level 20. HP: 161/168 MP: 18/45
 58280 | Vaults:2 | You fall into a shaft and drop 2 floors!
 58781 | Vaults:3 | Identified the +8 halberd of the Incandescent {drain, rPois
                  | rC+}
 59087 | Vaults:3 | Found Dudeme's Weapon Shop.
 59101 | Vaults:3 | Found Qierunaas's Antique Armour Emporium.
 59109 | Vaults:3 | Bought a pair of runed gloves for 210 gold pieces
 59651 | Vaults:3 | Found a portal to a secret trove of treasure.
 61293 | Vaults:3 | You paid a toll of 5 scrolls of fear to enter a treasure
                  | trove
 61294 | Trove    | Entered a treasure trove
 61310 | Trove    | Got Sif Muna's Handbook of Baleful Degeneration
 61341 | Trove    | Got the Encyclopedia of the Legion
 61490 | Vaults:3 | Reached skill level 22 in Spellcasting
 62034 | Vaults:3 | Found Jiduk's General Store.
 62930 | Vaults:4 | Identified the +7 great sword "Dutebroon" {vamp, rC+}
 64283 | Vaults:5 | Entered Level 5 of the Vaults
 64283 | Vaults:5 | Noticed an ancient lich
 64303 | Vaults:5 | Reached XP level 21. HP: 150/178 MP: 7/47
 64349 | Vaults:5 | Killed an ancient lich
 65074 | Vaults:5 | Identified the ring of the Final Chapter {EV+5 Str+2}
 65315 | Vaults:5 | Identified the quicksilver dragon scales of Theory {rF++
                  | Will+ Str+2}
 65415 | Vaults:5 | Reached skill level 23 in Spellcasting
 65456 | Vaults:5 | Noticed an ancient lich
 65463 | Vaults:5 | Killed an ancient lich
 65571 | Vaults:5 | Got a silver rune of Zot
 65808 | Vaults:5 | Reached skill level 10 in Dodging
 66056 | Vaults:5 | Noticed a golden dragon
 66062 | Vaults:5 | Killed a golden dragon
 66205 | Vaults:5 | Reached skill level 10 in Armour
 66485 | Vaults:5 | Noticed a dread lich
 66494 | Vaults:5 | Killed a dread lich
 66614 | Vaults:5 | Got the Spellbook of the Legion and the Black Widow
 66864 | Vaults:5 | Identified the ring "Wasus Wiu" {rPois rC+ rN+ Str+2}
 66928 | Vaults:5 | Noticed a dread lich
 66938 | Vaults:5 | Killed a dread lich
 66948 | Vaults:5 | Reached XP level 22. HP: 141/188 MP: 16/49
 67681 | Vaults:5 | Noticed a dread lich
 67687 | Vaults:5 | Killed a dread lich
 70207 | Spider:3 | Identified the +5 scale mail "Uklaofaj" {rElec}
 70967 | Spider:3 | Identified the +6 short sword of Premature Burial {speed,
                  | *Noise Fly rF+ Str+2}
 71068 | Spider:4 | Entered Level 4 of the Spider Nest
 72083 | Spider:4 | Got a gossamer rune of Zot
 72806 | Depths:1 | Found Guffou's Magic Scroll Boutique.
 72809 | Depths:1 | Found Jelyzya's General Store.
 72809 | Depths:1 | Found Qororph's Weapon Shop.
 72814 | Depths:1 | Bought a scroll of teleportation for 60 gold pieces
 72814 | Depths:1 | Found Zigresk's Antique Armour Shop.
 72817 | Depths:1 | Bought a scroll of blinking for 142 gold pieces
 72820 | Depths:1 | Bought a runed hat for 294 gold pieces
 72842 | Depths:1 | Reached skill level 24 in Spellcasting
 73099 | Depths:1 | Killed the Enchantress
 73993 | Depths:2 | Reached XP level 23. HP: 134/196 MP: 27/51
 74066 | Depths:2 | Noticed Mara
 74071 | Depths:2 | Killed Mara
 74318 | Depths:2 | Found a large runed translucent door.
 74322 | Depths:2 | Found a large runed translucent door.
 74323 | Depths:2 | Found a large runed translucent door.
 74323 | Depths:2 | Found the +3 warlock's mirror {omnireflect}
 74324 | Depths:2 | Found a large runed translucent door.
 74463 | Depths:2 | Noticed Saint Roka
 74488 | Depths:2 | Killed Saint Roka
 74753 | Depths:2 | Found a one-way gateway to a ziggurat.
 74834 | Depths:2 | Found a bloodstained altar of Trog.
 74960 | Depths:2 | Found a large runed translucent door.
 74964 | Depths:2 | Found a large runed translucent door.
 74964 | Depths:2 | Found a large runed translucent door.
 74965 | Depths:2 | Found a large runed translucent door.
 75048 | Depths:2 | Found a one-way gate leading to the halls of Pandemonium.
 75339 | Depths:3 | Found Meloperi's Distillery.
 75383 | Depths:3 | Noticed Grunn
 75398 | Depths:3 | Killed Grunn
 75931 | Depths:3 | Found Konulon's Assorted Antiques.
 75940 | Depths:3 | Noticed Parghit
 75954 | Depths:3 | Killed Parghit
 76029 | Depths:3 | Found Lirautrot's Distillery.
 76193 | Depths:3 | Found Fetoisoba's Book Shoppe.
 76195 | Depths:3 | Found Fastrig's General Store.
 76232 | Depths:4 | Entered Level 4 of the Depths
 76739 | Depths:4 | Found a gate to the Realm of Zot.
 76748 | Zot:1    | Entered Level 1 of the Realm of Zot
 77801 | Depths:4 | Reached skill level 1 in Polearms
 78642 | Depths:4 | Found a shimmering blue altar of Sif Muna.
 79073 | Zot:1    | Reached skill level 10 in Summonings
 79092 | Zot:1    | Noticed an orb of fire
 79201 | Zot:1    | Reached skill level 25 in Spellcasting
 79206 | Zot:1    | Reached XP level 24. HP: 131/206 MP: 27/52
 79424 | Zot:1    | Killed an orb of fire
 80470 | Zot:2    | Found a transporter.
 80473 | Zot:2    | Noticed an ancient lich
 80474 | Zot:2    | Found a shimmering blue altar of Sif Muna.
 82683 | Zot:4    | Found a transporter.
 82807 | Zot:4    | Reached skill level 15 in Shields
 82932 | Zot:4    | Found a transporter.
 83090 | Zot:4    | Found a transporter.
 83221 | Zot:4    | Found a transporter.
 83355 | Zot:5    | Entered Level 5 of the Realm of Zot
 83781 | Zot:5    | Noticed a dread lich
 83796 | Zot:5    | Killed a dread lich
 83911 | Zot:5    | Noticed a Killer Klown
 83925 | Zot:5    | Noticed an orb of fire
 83926 | Zot:5    | Killed a Killer Klown
 83932 | Zot:5    | Noticed an orb of fire
 83942 | Zot:5    | Noticed an ancient lich
 83942 | Zot:5    | Noticed a dread lich
 83942 | Zot:5    | Noticed a Killer Klown
 83942 | Zot:5    | Noticed a Killer Klown
 83944 | Zot:5    | Killed an orb of fire
 83954 | Zot:5    | Killed a Killer Klown
 83962 | Zot:5    | Killed a Killer Klown
 83975 | Zot:5    | Killed a dread lich
 83998 | Zot:5    | Got the Orb of Zot
 84015 | Zot:5    | Noticed an ancient lich
 84015 | Zot:5    | Noticed a Killer Klown
 84016 | Zot:5    | Noticed an ancient lich
 84017 | Zot:5    | Noticed a Killer Klown
 84026 | Zot:5    | Noticed a Killer Klown
 84028 | Zot:5    | Mangled by a Killer Klown

Illustrated notes

Levels and vault maps discovered:
D:1:      lightli_arrival_statuegarden, layout_loops_ring, serial_shops,
          nicolae_shop_tiny_real_fake_doors, minmay_tromino_mix6
D:2:      layout_loops_ring, serial_shops, nicolae_shop_window_shopping
D:3:      layout_loops_ring, mainiacjoe_overflow_alcove_2
D:4:      layout_gridville, grunt_temple_overflow_diamond, lemuel_tele_altar,
          portal_sewer_entry_f
D:5:      layout_rooms, lightli_minifort
D:6:      layout_cave_pods, mainiacjoe_overflow_brackets,
          minmay_temple_entry_antechambers, nicolae_ossuary_entry_monument,
          minmay_misc_feat_plants, uniq_sigmund
D:7:      layout_gridville, minmay_strange_pillars, minmay_misc_feat_enclosed,
          hangedman_decor_clover_reticule, hangedman_decor_growths, uniq_maggie,
          uniq_duvessa, uniq_prince_ribbit1
D:8:      layout_loops_ring, mainiacjoe_overflow_catwalk
D:9:      layout_loops_corners, nicolae_overflow_hidden_temple,
          hiddenorc2_lemuel
D:10:     layout_rooms, mainiacjoe_overflow_24_doors, uniq_nergalle
D:11:     gammafunk_beogh_shrine, layout_loops_ring, due_lair_maze_entry_diamond
D:12:     layout_basic, gammafunk_ghost_nasty_kobolds, nicolae_uskayaw_en_pointe
D:13:     minmay_outward_triangles, layout_small_grid, erik_vaults_1
D:14:     layout_basic, eino_curves_02
D:15:     hangedman_depths_entry_try_elsewhere_first, layout_cross,
          serial_shops, shop, chequers_serial_rivers_small_a,
          guppyfry_shop_blood
Temple:   nicolae_temple_figure_eight
Lair:1:   layout_roguey, chequers_serial_rivers_micro_b
Lair:2:   layout_regular_city, spider_nest_entry_funnel_web,
          nicolae_lair_liquid_snakes
Lair:3:   layout_cave_pods, minmay_swamp_entry_worms, grunt_megastairs_2,
          infiniplex_staircase_pool, uniq_gastronok
Lair:4:   layout_long_grid, gauntlet_entry_generic, serial_bayou_pond_d,
          uniq_josephine
Lair:5:   evilmike_catoblepas_cave, layout_cellular_growth,
          minmay_slime_entry_jelly_boxes, gammafunk_ghost_ooze, st_stairs_11,
          serial_bayou_lagoon_b
Swamp:1:  layout_basic_swamp, nicolae_swamp_orc_logging_accident
Swamp:2:  layout_falls_marsh, basic_altar
Swamp:3:  layout_basic_swamp, hangedman_swamp_ruin_wall, uniq_nikola, uniq_kirke
Swamp:4:  swamp_basic_johnstein, layout_basic_swamp
Spider:1: nicolae_spider_brood_tunnel, drop_trap, hive_lemuel, uniq_azrael
Spider:2: cheibrodos_spider_silkery, special_room, nicolae_crawler_farm
Spider:3: layout_spider_delve, spiders_nest_spider_trap
Spider:4: grunt_spider_rune_parallel
Orc:1:    layout_caves
Orc:2:    st_orc_pillars, layout_caves, gammafunk_ghost_berserking_beasts,
          uniq_jorgrun, uniq_nessos, uniq_donald
Elf:1:    eino_elf_arrival_sip, layout_loops_ring, serial_shops,
          nicolae_shop_tiny_real_fake_doors, portal_desolation_entry_salt,
          minmay_elf_sorcery, uniq_frances
Elf:2:    nicolae_elf_blades_crystal_corner, layout_gridlike, serial_shops,
          bzr_in_the_mist, drop_trap
Elf:3:    grunt_elf_hall_asides, layout_loops_ring
Vaults:1: nicolae_vaults_you_can_take_it_with_you, v_misc_16,
          nicolae_vaults_tetromino_L_2, hangedman_vaults_stagger, v_misc_19,
          hangedman_vaults_cutoff, vaults_room_boxed,
          nicolae_vaults_circle_grid_b, nicolae_vaults_stairing_the_circle,
          v_misc_30, nicolae_vaults_closet_pinwheel_5, nicolae_vaults_asterisk,
          nicolae_vaults_diamond_2, layout_vaults_ring
Vaults:2: nicolae_vaults_twisting_passages, nicolae_vaults_crenellated_ambush,
          nicolae_vaults_trapezoid_3, hangedman_vaults_cutoff,
          nicolae_vaults_layer_cake_slice, minmay_crypt_entry_skeletal_spiral,
          nicolae_vaults_trapezoid_lopsided_4, hangedman_vaults_variations,
          nicolae_vaults_little_squares_1, nicolae_vaults_diagonal_hallway_7,
          v_misc_3, vaults_room_fours, nicolae_vaults_door_testing_chamber,
          hangedman_vaults_stretched_pinwheel, vaults_room_mumra_shop_pool,
          v_misc_19, nicolae_vaults_shelves_hall, layout_vaults_maze_bifur,
          serial_shops, nicolae_shop_bloodbath_and_beyond
Vaults:3: nicolae_vaults_closet_pinwheel_2, nicolae_vaults_house_1,
          vaults_room_fours, vaults_mumra_lcd, nicolae_vaults_trapezoid_4,
          v_alt_pattern_2, nicolae_vaults_security_offices_6, v_misc_1,
          nicolae_vaults_diamond_1, vaults_dpeg_hooks, layout_vaults_omnigrid,
          nicolae_trove_entry_isolated, serial_shops,
          nicolae_shop_competitors_out_of_business, shop, shop
Vaults:4: nicolae_vaults_ellipses_ellipsis, nicolae_vaults_apartment_2,
          v_misc_24, vaults_mumra_chevron, st_star, ontoclasm_vaults_eye,
          nicolae_vaults_stepped_doors, nicolae_vaults_more_shelving_2,
          vaults_room_pool, nicolae_vaults_weapon_check, layout_vaults_big_room
Vaults:5: serial_shops
Depths:1: layout_cave_shapes, hell_entry, abyss_entry_glasseish,
          nicolae_two_hexagons, nicolae_island_escapes, minmay_shoptagon,
          uniq_enchantress
Depths:2: minmay_five_octagons, layout_basic, enter_ziggurat_a,
          grunt_pan_entry_spiral, hell_entry, bloody_trog, uniq_mara,
          uniq_saint_roka
Depths:3: minmay_strange_plus, layout_basic, abyss_entry, hell_entry,
          serial_shops, shop, nicolae_take_the_stairs, kennysheep_mini,
          nicolae_shop_waterfront, shop, minmay_misc_feat_roman,
          infiniplex_staircase_pillars_1, uniq_parghit, uniq_grunn
Depths:4: evilmike_zot_entry_argh, layout_gridlike, hellmouth_1,
          lemuel_blue_sif_altar, uniq_margery
Zot:1:    layout_misc_corridors, hangedman_zot_decor_checkerboard
Zot:2:    gammafunk_sealed_library, layout_twisted_circle
Zot:3:    layout_basic
Zot:4:    layout_onion_interference, nicolae_transporter_intersection
Zot:5:    layout_onion

Skill      XL: |  1  2  3  4  5  6  7  8  9 10 11 12 13 14 15 16 17 18 19 20 21 22 23 24 |
---------------+-------------------------------------------------------------------------+-----
Spellcasting   | 3 4 5 6 8 9 11 12 13 14 16 17 18 19 20 21 22 23 24 25 | 25.1
Necromancy     | 5 6 7 8 10 11 13 14 15 16 18 19 20 | 20.0
Fighting       | 2 4 6 8 9 10 12 13 14 15 16 17 18 19 20 21 | 21.7
Shields        | 2 4 5 8 11 12 13 14 15 | 15.0
Summonings     | 3 5 6 10 | 10.0
Earth Magic    | 3 4 |  4.0
Dodging        | 4 7 9 10 11 12 13 | 13.2
Armour         | 4 7 9 10 11 12 13 | 13.3
Polearms       | 3 4 |  4.2
Stealth        | |  1.5

Action                     |  1- 3 |  4- 6 |  7- 9 | 10-12 | 13-15 | 16-18 | 19-21 | 22-24 || total
---------------------------+-------+-------+-------+-------+-------+-------+-------+-------++-------
  Melee: Dagger            |     1 |    14 |       |       |       |       |       |       ||    15
         Long sword        |       |     2 |    55 |     8 |       |       |       |       ||    65
         Spear             |       |       |       |   450 |   341 |    76 |       |       ||   867
         Punch             |       |       |       |     7 |     3 |       |       |       ||    10
         Staff             |       |       |       |       |       |    88 |   349 |   343 ||   780
   Cast: Necrotise         |    65 |   129 |   232 |   202 |    17 |       |       |       ||   645
         Agony             |       |       |     6 |     2 |       |       |       |       ||     8
         Vampiric Draining |       |       |    18 |   199 |   185 |     1 |       |       ||   403
         Dispel Undead     |       |       |       |    11 |    18 |       |    39 |     5 ||    73
         Haunt             |       |       |       |       |    65 |   125 |   137 |   157 ||   484
         Death Channel     |       |       |       |       |    27 |    27 |    19 |    25 ||    98
         Infestation       |       |       |       |       |    16 |    12 |    10 |    23 ||    61
         Borgnjor's Vile C |       |       |       |       |       |   232 |   195 |   353 ||   780
 Invoke: Potion Petition   |       |       |       |       |       |     4 |     4 |     4 ||    12
         Call Merchant     |       |       |       |       |       |     6 |       |       ||     6
         Bribe Branch      |       |       |       |       |       |       |       |     3 ||     3
Ability: Evoke Blink       |       |       |       |       |       |     1 |       |       ||     1
  Evoke: Wand              |       |       |     1 |     7 |    10 |     5 |    39 |     2 ||    64
    Use: Scroll            |       |     5 |     6 |    11 |     6 |    12 |     4 |    13 ||    57
   Stab: Sleeping          |       |       |       |     1 |     1 |       |       |       ||     2
         Invisible         |       |       |       |     1 |       |       |       |       ||     1
         Distracted        |       |       |       |       |     6 |     3 |    10 |    12 ||    31
         Petrified         |       |       |       |       |     1 |       |       |       ||     1
         Confused          |       |       |       |       |       |       |       |     1 ||     1
 Armour: Robe              |     1 |    16 |    49 |   228 |   119 |    85 |    92 |       ||   590
         Quicksilver drago |       |       |       |       |       |       |    17 |   266 ||   283
  Dodge: Dodged            |       |    24 |    87 |   302 |   232 |   108 |   190 |   308 ||  1251
  Block: Other             |       |       |    40 |   144 |    87 |       |       |       ||   271
         Reflection        |       |       |     3 |     7 |     3 |    18 |    25 |       ||    56
         Tower shield      |       |       |       |    14 |       |       |       |       ||    14
         Buckler           |       |       |       |       |    35 |    50 |       |       ||    85
         Kite shield       |       |       |       |       |       |   154 |   381 |   415 ||   950
